 Dungeon Crawl Stone Soup version 0.27.1 (webtiles) character file.

Game seed: 18320870074905180791

4193 ZARRMARR the Grappler (level 10, -2/144 HPs)
             Began as a Troll Monk on Aug 24, 2021.
             Slain by a gnoll sergeant (10 damage)
             ... on level 7 of the Dungeon.
             The game lasted 00:21:46 (5409 turns).

ZARRMARR the Grappler (Troll Monk)                  Turns: 5409, Time: 00:21:47

Health: -2/144     AC: 25    Str: 21    XL:     10   Next: 8%
Magic:  9/9        EV:  1    Int:  6    God:
Gold:   302        SH:  0    Dex: 15    Spells: 9/9 levels left

rFire    . . .     SeeInvis .     - Unarmed
rCold    . . .     Faith    .   (no shield)
rNeg     + + +     Spirit   .   (armour currently unavailable)
rPois    +         Reflect  .   (helmet currently unavailable)
rElec    .         Harm     .   (cloak currently unavailable)
rCorr    .         Rampage  .   (gloves unavailable)
Will     .....     NoTele   +   (boots unavailable)
Stlth    ++........             (no amulet)
HPRegen  1.34/turn              (no ring)
MPRegen  0.11/turn              (no ring)

@: tree-form, attractive
A: stationary, stasis, torment immunity, boosted hp, large, unfitting armour,
(claws 3), regeneration 1, (shaggy fur 1), (tough skin 1)
a: no special abilities


You were on level 7 of the Dungeon.
You were a tree.
You visited 2 branches of the dungeon, and saw 8 of its levels.

You collected 302 gold pieces.

Inventory:

Missiles
 a - a boomerang
 e - 2 curare-tipped darts
 t - 10 poisoned darts
 u - a javelin (quivered)
Armour
 b - a +2 robe of willpower (melded)
 p - a +0 cloak (melded)
 x - a +2 robe of cold resistance
Jewellery
 w - a ring of fire
Wands
 h - a wand of paralysis (9)
Scrolls
 j - a scroll of fear {unknown}
 k - a scroll of enchant armour {unknown}
 l - a scroll of magic mapping
 m - a scroll of amnesia {unknown}
 n - a scroll of acquirement {unknown}
 o - a scroll of enchant weapon {unknown}
 r - 3 scrolls of teleportation {unknown}
 v - a scroll of silence {unknown}
 y - a scroll of summoning {unknown}
Potions
 c - a potion of flight
 d - 2 potions of curing
 f - a potion of brilliance {unknown}
 g - 2 potions of attraction
 i - a potion of lignification
 q - 2 potions of resistance {unknown}


   Skills:
 + Level 5.0 Fighting
 - Level 2.4 Dodging
 - Level 1.0 Stealth
 + Level 13.4 Unarmed Combat


You had 9 spell levels left.
You didn't know any spells.
Your spell library contained the following spells:

 Spells                   Type           Power      Damage    Failure   Level
 Ozocubu's Armour         Ice            0%         N/A       83%         3
 Portal Projectile        Hex/Tloc       0%         N/A       83%         3
 Blade Hands              Tmut           0%         N/A       100%        5
 Excruciating Wounds      Necr           0%         N/A       100%        5
 Ozocubu's Refrigeration  Ice            0%         4d5       100%        7


Dungeon Overview and Level Annotations

Branches:
Dungeon (7/15)             Temple (1/1) D:7

Altars:
Ashenzari
Cheibriados
Dithmenos
Elyvilon
Fedhas
Gozag
Hepliaklqana
Kikubaaqudgha
Makhleb
Nemelex Xobeh
Okawaru
Ru
Sif Muna
Trog
Wu Jian
Xom
Yredelemnul
Zin
The Shining One

Shops:
D:1 (:

Annotations:
D:6 Dowan, Duvessa
D:7 4 runed translucent doors


Innate Abilities, Weirdness & Mutations

You are a tree.
Your roots penetrate the ground, keeping you stationary.
You cannot be teleported.
You are immune to unholy pain and torment.
Your maximum health is greatly increased.
Your equipment is partially melded.
You are too large for most types of armour.
((You have claws for hands.))
Your natural rate of healing is unusually fast.
((You are covered in fur. (AC +1)))
((You have tough skin. (AC +1)))


Message History

You feel much better.
You scratch the cyclops but do no damage.
A manticore comes into view.
You mangle the cyclops!!
The cyclops is heavily wounded.
The cyclops hits you!!
The kobold demonologist gestures wildly while chanting.
You scratch the cyclops but do no damage.
The cyclops is heavily wounded.
The cyclops hits you!!
* * * LOW HITPOINT WARNING * * *
It was a potion of curing.
You feel better.
It was a potion of attraction.
You feel attractive to monsters.
The cyclops hits you but does no damage.
It was a potion of flight.
You feel very buoyant.
You fly up into the air.
The cyclops hits you!!
* * * LOW HITPOINT WARNING * * *
It was a potion of lignification.
You turn into a tree.
Your +0 cloak melds into your body.
Your +2 robe of willpower melds into your body.
You feel less strong-willed.
Your roots penetrate the ground.
You pummel the cyclops!!
You kill the cyclops!
The kobold demonologist is pulled toward you!
The manticore is pulled toward you!
Your Fighting skill increases to level 5!
You have reached level 10!
You pummel the six-headed hydra!!
The six-headed hydra is moderately wounded.
The six-headed hydra bites you.
* * * LOW HITPOINT WARNING * * *
The six-headed hydra bites you but does no damage. x3
The six-headed hydra bites you.
* * * LOW HITPOINT WARNING * * *
The six-headed hydra bites you.
* * * LOW HITPOINT WARNING * * *
The gnoll sergeant hits you from afar with a +0 trident!
You die...

####.####.# ##....###.#
#.##
.......)..###.>.....#.#
#.#
###.####..).........#.#
#.## ....#
###).........#.# #...
###.# ###......#.#.#
###. ##..#
###....#.#.## #. ....#
#(#####......# ## ###.#
#.HKgD###....## #.#
##♣####...### #.#
###.#.#####...### #.#
#..##+#######...# #.#
#..#.##BDFT######.# #.#
##+ #.##cgQo+......#
#.# #. #.##goZ{######.#
##.# # #.##+########..#
#..###
#.##.######).#.##
#....###
#.#.#####..###..#


You could see a boulder beetle, a six-headed hydra, a manticore, a kobold
demonologist, a troll, a tengu conjurer, an acid dragon, 3 gnoll sergeants, a
bullfrog, a centaur, an orc wizard, an orc and a killer bee zombie.

Vanquished Creatures
  A two-headed ogre (D:7)
  Pikel (D:7)
  A cyclops (D:7)
  2 manticores (D:7)
  A troll (D:7)
  A wyvern (D:7)
  A basilisk (D:7)
  A water moccasin (D:7)
  A sky beast (D:5)
  An ice beast (D:7)
  An orc warrior (D:7)
  2 black bears (D:5)
  An ogre (D:4)
  2 lemures (D:7)
  A bullfrog (D:7)
  2 scorpions
  A centaur zombie (D:7)
  A hound (D:5)
  2 orc priests
  3 centaur skeletons
  Jessica (D:2)
  3 iguanas
  An orc wizard (D:2)
  Ijyb (D:3)
  A killer bee zombie (D:7)
  A hound skeleton (D:4)
  A howler monkey zombie (D:5)
  Robin (D:2)
  3 gnolls (D:4)
  5 adders
  3 white imps (D:7)
  3 ufetubi
  An adder skeleton (D:4)
  4 worms
  4 dart slugs
  15 orcs
  4 endoplasms
  A giant cockroach (D:3)
  8 hobgoblins
  5 quokkas
  5 ball pythons
  4 bats
  2 frilled lizards (D:1)
  17 goblins
  11 kobolds
  7 rats
139 creatures vanquished.

Notes
Turn   | Place    | Note
-------+----------+-------------------------------------------
     0 | D:1      | ZARRMARR the Troll Monk began the quest for the Orb.
     0 | D:1      | Reached XP level 1. HP: 22/22 MP: 0/0
   240 | D:1      | Found Ulemonir's Book Shop.
   267 | D:1      | Reached XP level 2. HP: 28/29 MP: 1/1
   329 | D:1      | Found a faded altar of an unknown god.
   503 | D:1      | Reached XP level 3. HP: 36/36 MP: 2/2
   505 | D:1      | Found Gasiant's Weapon Shoppe.
   886 | D:2      | Found a hazy altar of Hepliaklqana.
   940 | D:2      | Reached skill level 4 in Unarmed Combat
   943 | D:2      | Noticed Robin
   955 | D:2      | Killed Robin
   986 | D:2      | Reached XP level 4. HP: 45/45 MP: 3/3
  1064 | D:2      | Noticed Jessica
  1073 | D:2      | Killed Jessica
  1229 | D:2      | Reached skill level 5 in Unarmed Combat
  1232 | D:2      | Reached XP level 5. HP: 17/53 MP: 4/4
  1980 | D:3      | Noticed Ijyb
  1986 | D:3      | Killed Ijyb
  2689 | D:4      | Reached skill level 6 in Unarmed Combat
  2726 | D:4      | Noticed an ogre
  2734 | D:4      | Killed an ogre
  2735 | D:4      | Reached XP level 6. HP: 36/61 MP: 5/5
  2931 | D:4      | Found a shimmering altar of Xom.
  3040 | D:4      | Noticed an orc warrior
  3513 | D:5      | Entered Level 5 of the Dungeon
  3550 | D:5      | Reached skill level 7 in Unarmed Combat
  3670 | D:5      | Noticed a sky beast
  3688 | D:5      | Killed a sky beast
  3689 | D:5      | Reached XP level 7. HP: 53/67 MP: 6/6
  3818 | D:5      | Found a sacrificial altar of Ru.
  3963 | D:5      | Reached skill level 8 in Unarmed Combat
  3995 | D:5      | Found a hazy altar of Hepliaklqana.
  4024 | D:5      | Found an ancient bone altar of Kikubaaqudgha.
  4546 | D:6      | Noticed Duvessa
  4546 | D:6      | Noticed Dowan
  4563 | D:7      | Noticed a wyvern
  4568 | D:7      | Reached skill level 9 in Unarmed Combat
  4573 | D:7      | Killed a wyvern
  4574 | D:7      | Reached XP level 8. HP: 37/78 MP: 7/7
  4593 | D:7      | Found a staircase to the Ecumenical Temple.
  4611 | Temple   | Entered the Ecumenical Temple
  4695 | D:7      | Noticed Pikel
  4715 | D:7      | Killed Pikel
  4716 | D:7      | Reached skill level 10 in Unarmed Combat
  4865 | D:7      | Found a runed translucent door.
  4866 | D:7      | Noticed a tengu conjurer
  4867 | D:7      | Noticed a boulder beetle
  4870 | D:7      | Reached skill level 11 in Unarmed Combat
  4870 | D:7      | Noticed a manticore
  4877 | D:7      | Killed a manticore
  4878 | D:7      | Reached XP level 9. HP: 32/84 MP: 8/8
  4928 | D:7      | Noticed a two-headed ogre
  4938 | D:7      | Killed a two-headed ogre
  4939 | D:7      | Reached skill level 12 in Unarmed Combat
  4968 | D:7      | Noticed a manticore
  4980 | D:7      | Killed a manticore
  5239 | D:7      | Reached skill level 13 in Unarmed Combat
  5354 | D:7      | Noticed a troll
  5372 | D:7      | Found a runed translucent door.
  5374 | D:7      | Found a runed translucent door.
  5384 | D:7      | Found a runed translucent door.
  5388 | D:7      | Noticed a cyclops
  5388 | D:7      | Noticed a troll
  5395 | D:7      | Identified the amulet of Ymoy {Acrobat +Blink}
  5396 | D:7      | Noticed a six-headed hydra
  5398 | D:7      | Identified the ring of Jaokiuni {rN+ Str+6}
  5398 | D:7      | Noticed a kobold demonologist
  5399 | D:7      | Killed a troll
  5401 | D:7      | Noticed a manticore
  5408 | D:7      | Killed a cyclops
  5409 | D:7      | Reached skill level 5 in Fighting
  5409 | D:7      | Reached XP level 10. HP: 15/96 MP: 9/9
  5409 | D:7      | Slain by a gnoll sergeant

Illustrated notes

Levels and vault maps discovered:
D:1:      matt_arrival_spirals, layout_basic, serial_shops, shop,
          nicolae_shop_waterfront, shapermc_ecumenical_altar_flowoftime,
          grunt_decor_fettered
D:2:      layout_loops_corners, basic_altar, uniq_robin, uniq_jessica
D:3:      layout_loops_ring, fountainhead, eino_tiny_chamber, uniq_ijyb
D:4:      layout_gridville, amcnicky_altar_gilded, grunt_ministairs_11,
          lightli_corner_chamber
D:5:      layout_cave_pools, kennysheep_mini, mainiacjoe_overflow_two_lobes
D:6:      layout_loops_cross, uniq_duvessa
D:7:      minmay_the_grid_triangle_9x9_rhombus_thin
          [minmay_the_grid_triangle_9x9_tough_junction,
          minmay_the_grid_triangle_9x9_prize_special,
          minmay_the_grid_triangle_9x9_thin_v,
          minmay_the_grid_triangle_9x9_fully_insulated_deathbox],
          layout_loops_ring, minmay_temple_entry_tees, uniq_pikel
Temple:   eino_wide_crystal_templ

Skill      XL: |  1  2  3  4  5  6  7  8  9 |
---------------+----------------------------+-----
Unarmed Combat | 4 5 6 7 9 11 13 | 13.4
Fighting       | 3 4 5 |  5.0
Dodging        | |  2.4
Stealth        | |  1.0

Action                   |  1- 3 |  4- 6 |  7- 9 | 10-12 || total
-------------------------+-------+-------+-------+-------++-------
Melee: Unarmed           |    96 |   145 |   122 |     1 ||   364
       Punch             |       |     2 |     5 |       ||     7
Throw: Boomerang         |       |    41 |    22 |       ||    63
       Javelin           |       |       |    32 |       ||    32
       Dart              |       |       |     1 |       ||     1
  Use: Scroll            |     2 |       |       |       ||     2
       Potion            |       |     2 |     6 |       ||     8
 Stab: Sleeping          |     1 |     4 |       |       ||     5
Armor: Robe              |    43 |    47 |    33 |       ||   123
       Skin              |       |       |       |     3 ||     3
Dodge: Dodged            |    52 |    47 |    49 |       ||   148
